 Dungeon Crawl Stone Soup version 0.24.0-123-gd5b16e6ec5 (webtiles) character file.

Game seed: 1233452182640959700, levelgen mode: deterministic

7188 Johnny the Spear-Bearer (level 10, -14/73 HPs)
             Began as a Demigod Gladiator on Jan 25, 2020.
             Demolished by a two-headed ogre
             ... wielding a cursed -3 dire flail
              (18 damage)
             ... on level 10 of the Dungeon.
             The game lasted 00:12:13 (10025 turns).

Johnny the Spear-Bearer (Demigod Gladiator)        Turns: 10025, Time: 00:12:14

Health: -14/73     AC: 10    Str: 25    XL:     10   Next: 57%
Magic:  19/19      EV: 14    Int: 12    God:
Gold:   80         SH:  0    Dex: 17    Spells: 9/9 levels left

rFire    . . .     SeeInvis .   A - +1 halberd
rCold    . . .     Gourm    .   (shield currently unavailable)
rNeg     . . .     Faith    .   k - +0 scale mail
rPois    .         Spirit   .   c - +0 helmet
rElec    .         Reflect  .   u - scarf {repulsion}
rCorr    .         Harm     .   (no gloves)
MR       +....                  y - +2 pair of boots
Stlth    ..........             t - amulet of rage
HPRegen  0.22/turn              q - +3 ring of evasion
MPRegen  0.16/turn              H - +2 ring of strength

@: berserk cooldown, slowed, invisible, repel missiles, very slow
A: high mp 1
a: Evoke Berserk Rage


You were on level 10 of the Dungeon.
You were not hungry.

You visited 1 branch of the dungeon, and saw 10 of its levels.

You collected 640 gold pieces.
You spent 560 gold pieces at shops.

Inventory:

Hand Weapons
 A - a +1 halberd (weapon)
Missiles
 F - a throwing net (quivered)
Armour
 c - a +0 helmet (worn)
 k - a +0 scale mail (worn)
 u - a scarf of repulsion (worn)
 y - a +2 pair of boots (worn)
Jewellery
 q - a +3 ring of evasion (left hand)
 t - an amulet of rage (around neck)
 G - an uncursed ring of protection from cold
 H - a +2 ring of strength (right hand)
 J - an uncursed amulet of magic regeneration {unknown}
Wands
 a - a wand of acid (6)
 w - a wand of paralysis (5)
 D - a wand of polymorph (9)
Scrolls
 e - 5 scrolls of amnesia
 j - a scroll of holy word
 l - 3 scrolls of teleportation
 o - 6 scrolls of remove curse
 p - 4 scrolls of noise
 r - 2 scrolls of magic mapping
 s - 3 scrolls of enchant armour
Potions
 d - 2 potions of agility
 g - 7 potions of curing
 h - 2 potions of cancellation {unknown}
 i - 2 potions of lignification
 m - a potion of brilliance {unknown}
 v - 3 potions of might
 x - a potion of berserk rage {unknown}
 z - 5 potions of haste
 B - a potion of heal wounds {unknown}
 C - a potion of degeneration {unknown}
 E - 3 potions of ambrosia
 L - a potion of flight {unknown}
Comestibles
 f - 20 rations


   Skills:
 - Level 1.7 Fighting
 * Level 13.1 Polearms
 - Level 1.7 Throwing
 - Level 2.6 Dodging
 + Level 7.7 Evocations


You had 9 spell levels left.
You didn't know any spells.
Your spell library contained the following spells:

 Spells                   Type           Power        Failure   Level  Hunger
 Flame Tongue             Conj/Fire      #....        63%         1    ##.....
 Shock                    Conj/Air       #...         63%         1    ##.....
 Sting                    Conj/Pois      #...         63%         1    ##.....
 Poisonous Vapours        Pois/Air       #.....       77%         2    ###....
 Swiftness                Chrm/Air       #.......     77%         2    ###....
 Throw Flame              Conj/Fire      #.....       77%         2    ###....
 Conjure Flame            Conj/Fire      #.......     94%         3    ####...
 Inner Flame              Hex/Fire       #.......     94%         3    ####...
 Mephitic Cloud           Conj/Pois/Air  #.......     94%         3    ####...
 Static Discharge         Conj/Air       #.......     94%         3    ####...
 Airstrike                Air            #.........   100%        4    #####..
 Olgreb's Toxic Radiance  Pois           #.......     100%        4    #####..
 Sticky Flame             Conj/Fire      #.......     100%        4    #####..
 Fireball                 Conj/Fire      #.........   100%        5    ######.
 Lightning Bolt           Conj/Air       #.........   100%        5    ######.
 Venom Bolt               Conj/Pois      #.........   100%        5    ######.


Dungeon Overview and Level Annotations

Branches:
Dungeon (10/15)            Temple (0/1) D:7            Lair (0/6) D:9
    Orc (0/2) D:9

Shops:
D:6 (   D:8 (   D:9 !   D:10 :

Annotations:
D:3 3 runed translucent doors, Xerdoz's ghost, amateur OpTm


Innate Abilities, Weirdness & Mutations

You have an increased reservoir of magic. (+10% MP)


Message History

The two-headed ogre hits you with a +0 giant club.
* * * LOW HITPOINT WARNING * * *
You hit the two-headed ogre.
The two-headed ogre is lightly wounded.
The bullfrog closely misses you.
Unknown command.
The bullfrog hits you.
* * * LOW HITPOINT WARNING * * *
You feel a strong urge to attack something.
You are no longer berserk.
You are exhausted.
You feel yourself slow down.
Unknown command.
Okay, then.
You fade into invisibility!
The bullfrog closely misses you.
The bullfrog hits you but does no damage.
A shadow imp comes into view.
The two-headed ogre hits you with a cursed -3 dire flail!!
You die...

.. .. ... .#.#.
..# ..... #
#.##.#.#
#.####.#.....
#.........#
#.<...###..
#####.FO.......
##.....#@##.###
#.##..#.#...#....
#...............
.
##....#.#..(...∩
#..#...........(
#. #.%..........
. #$............
#......5.......
#..#.#......


You could see a two-headed ogre, a bullfrog and a shadow imp (wandering).

Vanquished Creatures
  The ghost of Quickbrownfox the Insei, a novice OpTm (D:4)
  A troll (D:10)
  A queen bee (D:8)
  3 hippogriffs (D:7)
  Eustachio (D:4)
  2 hungry ghosts (D:9)
  Menkaure (D:4)
  Duvessa (D:4)
  A porcupine (D:9)
  2 ice beasts
  4 orc warriors
  A sky beast (D:5)
  4 black bears
  7 ogres
  3 centaurs
  A big kobold (D:9)
  Blork the orc (D:4)
  6 bullfrogs
  A wyvern zombie (D:9)
  Dowan (D:4)
  4 scorpions
  16 killer bees
  10 wights
  2 howler monkeys (D:8)
  4 crimson imps
  3 bullfrog zombies
  4 hounds
  4 jellies
  7 orc wizards
  3 bullfrog skeletons
  A gnoll shaman (D:9)
  3 orc priests
  3 iguanas
  8 worker ants
  A hound zombie (D:7)
  A hound skeleton (D:7)
  A howler monkey zombie (D:7)
  3 adders
  15 gnolls
  2 shadow imps
  An ooze (D:5)
  An adder zombie (D:7)
  3 worms
  2 dart slugs (D:1)
  7 leopard geckos
  30 orcs
  7 bats
  5 giant cockroaches
  7 goblins
  9 hobgoblins
  12 jackals
  3 quokkas
  2 ball pythons
  4 frilled lizards
  10 kobolds
  A quokka skeleton (D:8)
  A quokka zombie (D:8)
  10 rats
253 creatures vanquished.

Vanquished Creatures (others)
  An orc wizard (D:9)
1 creature vanquished.

Grand Total: 254 creatures vanquished

Notes
Turn   | Place    | Note
-------+----------+-------------------------------------------
     0 | D:1      | Johnny the Demigod Gladiator began the quest for the Orb.
     0 | D:1      | Reached XP level 1. HP: 17/17 MP: 3/3
    77 | D:1      | Reached skill level 3 in Polearms
   310 | D:1      | Reached XP level 2. HP: 24/24 MP: 4/4
   417 | D:1      | Reached XP level 3. HP: 15/29 MP: 5/5
   621 | D:1      | Reached skill level 4 in Polearms
  1008 | D:2      | Found a glowing silver altar of Zin.
  1716 | D:3      | Found a hazy altar of Hepliaklqana.
  2109 | D:3      | Found a runed translucent gate.
  2109 | D:3      | Found a runed translucent gate.
  2110 | D:3      | Found a runed translucent gate.
  2110 | D:3      | Noticed Xerdoz's ghost (amateur OpTm)
  2248 | D:3      | Reached XP level 4. HP: 32/36 MP: 6/6
  2492 | D:4      | Noticed Blork the orc
  2732 | D:4      | Reached skill level 5 in Polearms
  2738 | D:4      | Noticed Menkaure
  2741 | D:4      | Reached XP level 5. HP: 11/41 MP: 7/7
  2750 | D:4      | Noticed an ogre
  2753 | D:4      | Killed Menkaure
  2753 | D:4      | Reached skill level 6 in Polearms
  2763 | D:4      | Noticed Duvessa
  2771 | D:3      | Killed an ogre
  2771 | D:3      | Reached XP level 6. HP: 9/48 MP: 8/8
  3135 | D:4      | HP: 2/48 [gnoll/+0 spear (7)]
  3207 | D:4      | Noticed Dowan
  3434 | D:4      | Killed Duvessa
  3451 | D:4      | Killed Dowan
  3451 | D:4      | Reached skill level 7 in Polearms
  3506 | D:4      | Noticed Quickbrownfox's ghost (novice OpTm)
  3521 | D:4      | Noticed Eustachio
  3559 | D:4      | Killed Eustachio
  3559 | D:4      | Reached XP level 7. HP: 38/53 MP: 9/9
  3570 | D:4      | Found a runed translucent gate.
  3570 | D:4      | Found a runed translucent gate.
  3570 | D:4      | Found a runed translucent gate.
  3678 | D:4      | Reached skill level 8 in Polearms
  3726 | D:4      | Found a white marble altar of Elyvilon.
  3748 | D:4      | Killed Blork the orc
  3809 | D:4      | Found a burning altar of Makhleb.
  3809 | D:4      | Noticed a green death
  3855 | D:4      | Killed Quickbrownfox's ghost
  3905 | D:5      | Entered Level 5 of the Dungeon
  4138 | D:5      | Reached skill level 9 in Polearms
  4138 | D:5      | Reached XP level 8. HP: 60/60 MP: 12/12
  4180 | D:5      | Found an iron altar of Okawaru.
  4319 | D:5      | Found a shimmering blue altar of Sif Muna.
  5036 | D:5      | Found a basalt altar of Yredelemnul.
  5382 | D:6      | Found Sywo Lusm's Antique Weapon Shoppe.
  5597 | D:6      | Reached skill level 10 in Polearms
  6170 | D:7      | Found a blossoming altar of Fedhas.
  6455 | D:7      | Reached XP level 9. HP: 65/67 MP: 15/15
  6496 | D:7      | Found a bloodstained altar of Trog.
  6507 | D:7      | Reached skill level 5 in Evocations
  6522 | D:7      | Found a shimmering altar of Xom.
  6565 | D:7      | Reached skill level 11 in Polearms
  6775 | D:7      | Found a hide-covered altar of Uskayaw.
  7145 | D:7      | Found a staircase to the Ecumenical Temple.
  7299 | D:8      | Found Arhecoc's Antique Weapon Emporium.
  7775 | D:8      | Reached skill level 12 in Polearms
  7783 | D:8      | Reached XP level 10. HP: 73/73 MP: 18/18
  8877 | D:9      | Found an ornate altar of the Wu Jian Council.
  8910 | D:9      | Found Touf's Distillery.
  8930 | D:9      | Bought a potion of might for 56 gold pieces
  8930 | D:9      | Bought a potion of curing for 42 gold pieces
  8930 | D:9      | Bought a potion of might for 56 gold pieces
  8930 | D:9      | Bought a potion of lignification for 42 gold pieces
  8930 | D:9      | Bought a potion of invisibility for 112 gold pieces
  8930 | D:9      | Bought a potion of ambrosia for 112 gold pieces
  8930 | D:9      | Bought a potion of haste for 140 gold pieces
  9089 | D:9      | Found a staircase to the Lair.
  9208 | D:9      | Found a staircase to the Orcish Mines.
  9225 | D:9      | Reached skill level 13 in Polearms
  9411 | D:9      | Found a roughly hewn altar of Beogh.
  9660 | D:10     | Entered Level 10 of the Dungeon
  9706 | D:10     | Found Juan's Book Emporium.
  9708 | D:10     | Noticed a two-headed ogre
 10023 | D:10     | HP: 5/109 [bullfrog (1)]
 10025 | D:10     | Demolished by a two-headed ogre

Levels and vault maps discovered:
D:1:      minmay_arrival_arboretum_large, layout_rooms, serial_forest,
          infiniplex_forest_lined_ring, infiniplex_forest_clump_tiny,
          infiniplex_forest_straight_2, infiniplex_forest_straight_3,
          infiniplex_forest_lined_room_2, infiniplex_forest_end_1,
          infiniplex_forest_end_double, infiniplex_forest_lined_room_2
D:2:      layout_basic, overflow_temple_1_default, first_ration,
          minmay_hexomino_c4
D:3:      layout_basic, nicolae_overflow_crystal_walls,
          ebering_ghost_rock_garden, minivault_4
D:4:      layout_basic, makhleb_altar_promises_db, kennysheep_mini,
          gammafunk_ghost_split, hangedman_decor_lopped, uniq_menkaure,
          uniq_blork_the_orc, uniq_duvessa, uniq_eustachio
D:5:      layout_layer_cave, led_sif_book, old_standard_altar,
          kennysheep_little_box, minivault_5, minmay_ruined_shrine
D:6:      layout_basic, serial_glass, glass_columns_a, glass_columns_a,
          serial_shops, nicolae_shop_temple_entry_statues_fountains
D:7:      layout_basic, fedhas_ov_isle_minmay, marbit_many_paths,
          trog_ov_bears_minmay, old_standard_altar, temple_green
D:8:      layout_loops_ring, serial_shops, shop, hangedman_abyss_or_decor_stabs,
          david_nohive_1
D:9:      layout_small_grid, old_standard_altar, grunt_lair_entry_orc_guard_hut,
          minmay_orc_entry_temple_small, serial_shops, nicolae_shop_waterfront,
          minivault_26
D:10:     layout_rooms, serial_glass, glass_columns_b, glass_columns_a,
          glass_columns_a, glass_columns_a, glass_columns_a, glass_columns_a,
          glass_columns_a, glass_columns_a, glass_columns_a, glass_columns_a,
          glass_columns_a, glass_columns_a, glass_columns_a, glass_columns_a,
          serial_shops, shop, david_defended_altar_orc

Skill      XL: |  1  2  3  4  5  6  7  8  9 10 |
---------------+-------------------------------+-----
Polearms       | 3 4 5 6 7 9 10 12 13 | 13.1
Evocations     | 2 4 6 7 |  7.7
Fighting       | |  1.7
Throwing       | |  1.7
Dodging        | |  2.6

Action                   |  1- 3 |  4- 6 |  7- 9 | 10-12 || total
-------------------------+-------+-------+-------+-------++-------
Melee: Trident           |   196 |   118 |    60 |       ||   374
       Spear             |       |       |   134 |       ||   134
       Halberd           |       |       |   261 |   241 ||   502
Throw: Throwing net      |       |     4 |       |       ||     4
 Abil: Evoke Berserk Rag |       |       |    11 |     5 ||    16
Evoke: Wand              |       |       |       |     8 ||     8
  Use: Potion            |       |     3 |       |     1 ||     4
       Scroll            |       |       |     7 |     5 ||    12
 Stab: Held in net/web   |       |     7 |       |       ||     7
       Invisible         |       |     9 |       |       ||     9
       Paralysed         |       |       |       |     4 ||     4
       Distracted        |       |       |       |     1 ||     1
  Eat: Chunk             |     4 |     5 |    16 |     7 ||    32
       Ration            |       |       |     2 |     3 ||     5
Armor: Leather armour    |    13 |       |       |       ||    13
       Scale mail        |    61 |    34 |   115 |    74 ||   284
Dodge: Dodged            |    85 |    65 |   308 |   148 ||   606
       Deflected         |       |       |     2 |     4 ||     6
